 Dungeon Crawl Stone Soup version 0.20-a0-795-ga03948b (webtiles) character file.

2562 Laan the Cleaver (level 9, -12/97 HPs)
             Began as a Demonspawn Monk on Mar 1, 2017.
             Was an Elder of Trog.
             Mangled by an orc warrior
             ... wielding a +0 vampiric halberd
              (19 damage)
             ... on level 7 of the Dungeon.
             The game lasted 00:13:38 (5433 turns).

Laan the Cleaver (Demonspawn Monk)                  Turns: 5433, Time: 00:13:39

Health: -12/97     AC: 13    Str: 17    XL:     9   Next: 31%
Magic:  0/9        EV:  7    Int: 15    God:    Trog [****..]
Gold:   332        SH:  0    Dex: 15    Spells: 8/8 levels left

rFire    . . .     SeeInvis .   F - +0 war axe
rCold    . . .     Gourm    .   A - +0 plate armour
rNeg     . . .     Faith    .   (no shield)
rPois    +         Spirit   +   (helmet restricted)
rElec    .         Reflect  .   r - +0 cloak
rCorr    .         Harm     .   v - +0 pair of gloves
MR       +....                  (no boots)
Stlth    ..........             (no amulet)
Regen    0.3/turn               n - ring of poison resistance
MPRegen  0.2/turn               k - ring of protection from magic

@: berserking, very quick
A: horns 2, powered by death 1, magic shield, sturdy frame 1
a: Berserk, Trog's Hand, Brothers in Arms, Burn Spellbooks, Renounce Religion


You were on level 7 of the Dungeon.
You worshipped Trog.
Trog was greatly pleased with you.
You were not hungry.

You visited 2 branches of the dungeon, and saw 8 of its levels.

You collected 332 gold pieces.

Inventory:

Hand Weapons
 a - a +1 hand axe
 F - a +0 war axe (weapon)
Armour
 r - a +0 cloak (worn)
 v - a +0 pair of gloves (worn)
 A - a +0 plate armour (worn)
Jewellery
 k - a ring of protection from magic (left hand)
 n - a ring of poison resistance (right hand)
Wands
 u - a wand of iceblast (0/15)
 w - a wand of iceblast (8/15)
Scrolls
 b - 2 scrolls of magic mapping
 e - 5 scrolls of enchant armour
 h - 9 scrolls of identify
 m - 2 scrolls of noise {unknown}
 o - 3 scrolls of teleportation
 y - a scroll of enchant weapon
 z - a scroll of remove curse
 E - a scroll of blinking {unknown}
Potions
 d - 2 potions of cancellation
 f - a potion of might {unknown}
 i - 2 potions of curing {unknown}
 j - 2 potions of degeneration {unknown}
 p - a potion of lignification {unknown}
 q - a potion of resistance {unknown}
 s - 3 potions of heal wounds {unknown}
 t - a potion of flight {unknown}
 D - a potion of mutation {unknown}
Books
 l - a book of Maledictions

   Spells                             Type                      Level
   a - Corona                         Hexes                        1
   b - Ensorcelled Hibernation        Hexes/Ice                    2
   c - Confuse                        Hexes                        3
   d - Tukima's Dance                 Hexes                        3
   e - Dazzling Spray                 Conjuration/Hexes            3
   Trog disapproves of the use of such an item.
 C - a book of Conjurations

   Spells                             Type                      Level
   a - Magic Dart                     Conjuration                  1
   b - Searing Ray                    Conjuration                  2
   c - Dazzling Spray                 Conjuration/Hexes            3
   d - Fulminant Prism                Conjuration/Hexes            4
   e - Force Lance                    Conjuration/Translocation    4
   f - Iskenderun's Mystic Blast      Conjuration                  4
   Trog disapproves of the use of such an item.
Comestibles
 c - 6 bread rations
 g - 4 meat rations
 x - 3 chunks of flesh


   Skills:
 + Level 4.2 Fighting
 * Level 11.1 Axes
 + Level 2.5 Armour
 - Level 2.6 Dodging
 - Level 1.7 Stealth


You had 8 spell levels left.
You didn't know any spells.

Dungeon Overview and Level Annotations

Branches:
Dungeon (7/15)             Temple (1/1) D:5

Altars:
Cheibriados
Dithmenos
Elyvilon
Fedhas
Gozag
Kikubaaqudgha
Makhleb
Nemelex Xobeh
Okawaru
Qazlal
Ru
Sif Muna
Trog
Uskayaw
Vehumet
Wu Jian
Xom
Yredelemnul
Zin
The Shining One


Innate Abilities, Weirdness & Mutations

You have a pair of horns on your head.
You regenerate a little health from kills.
When hurt, damage is shared between your health and your magic reserves.
Your movements are slightly less encumbered by armour. (ER -2)


Message History

You barely miss the orc wizard.
The orc wizard hits you but does no damage.
You closely miss the orc warrior.
The orc warrior is moderately wounded.
You hit the orc wizard.
The orc warrior hits you with a vampiric halberd!
* * * LOW HITPOINT WARNING * * *
The orc warrior draws strength from your wounds!
You closely miss the orc warrior. You headbutt the orc warrior!!
The orc warrior is severely wounded.
Your plate armour prevents you from hitting the orc wizard.
The orc wizard hits you but does no damage.
You closely miss the orc warrior.
The orc warrior is severely wounded.
You hit the orc wizard.
You kill the orc wizard!
Trog accepts your kill.
Trog appreciates your killing of a magic user.
The orc warrior hits you with a vampiric halberd!!
You die...

.# #.#.P≈P≈P≈≈........ .#
#.≈≈≈≈≈≈♣≈P..####.# .#
#.≈≈≈♣♣♣♣≈≈P#####+# .# ##P≈P♣
♣≈≈P..#.... .# #.P≈♣♣♣♣≈≈≈..#....
.###############)≈≈≈♣P♣≈≈...#....
...##............≈PP≈≈≈≈≈..###^.#
....#.....#....o##.)..P≈...###..#
....#.....#..(..@))....P.........
....+.....#......)...............
....#<....#......................
..>#..#..#..#...####.####...###..
###############'#########...###+#
#......#..............
#......'..............
#......#..............
#..#...##..###....####


You could see an orc warrior.

Vanquished Creatures
  2 hungry ghosts
  An orc warrior (D:6)
  8 ogres
  2 bullfrogs (D:6)
  A wyvern skeleton (D:6)
  5 scorpions
  6 killer bees (D:7)
  2 howler monkeys
  2 electric eels (D:7)
  2 crimson imps
  A jelly (D:7)
  A hound (D:5)
  An orc priest (D:7)
  A bullfrog skeleton (D:4)
  3 iguanas
  3 orc wizards
  2 worker ants
  A killer bee zombie (D:7)
  The ghost of M4edhros the Sneak, a weakling OpAr (D:4)
  A worker ant zombie (D:6)
  10 adders
  4 gnolls (D:3)
  2 shadow imps
  An ooze (D:3)
  An adder zombie (D:7)
  An adder skeleton (D:5)
  6 worms
  4 dart slugs
  2 leopard geckos
  13 orcs
  7 giant cockroaches
  5 goblins
  A hobgoblin (D:2)
  8 jackals
  6 kobolds
  2 quokkas
  A ball python (D:1)
  5 bats
  5 frilled lizards
  2 jackal zombies
  A quokka skeleton (D:5)
  3 rats
136 creatures vanquished.

Vanquished Creatures (others)
  6 plants (D:7)
6 creatures vanquished.

Grand Total: 142 creatures vanquished

Notes
Turn   | Place    | Note
-------+----------+-------------------------------------------
     0 | D:1      | Laan the Demonspawn Monk began the quest for the Orb.
     0 | D:1      | Reached XP level 1. HP: 18/18 MP: 1/1
   183 | D:1      | Reached skill level 3 in Axes
   255 | D:1      | Gained mutation: You regenerate a little health from kills. [demonic ancestry]
   255 | D:1      | Reached XP level 2. HP: 12/24 MP: 2/2
   717 | D:2      | Found an ornate altar of the Wu Jian Council.
   913 | D:2      | Reached XP level 3. HP: 27/29 MP: 3/3
  1076 | D:2      | Found a sacrificial altar of Ru.
  1081 | D:2      | Reached skill level 4 in Axes
  1201 | D:2      | Found an ancient bone altar of Kikubaaqudgha.
  1278 | D:2      | Found a sparkling altar of Nemelex Xobeh.
  1873 | D:3      | Gained mutation: You have a pair of small horns on your head. [demonic ancestry]
  1873 | D:3      | Reached XP level 4. HP: 26/35 MP: 4/4
  1939 | D:3      | Found a basalt altar of Yredelemnul.
  2109 | D:3      | Reached skill level 5 in Axes
  2151 | D:3      | Found a bloodstained altar of Trog.
  2252 | D:3      | Became a worshipper of Trog the Wrathful
  2252 | D:3      | Reached * piety under Trog
  2252 | D:3      | Reached ** piety under Trog
  2360 | D:3      | Found a faded altar of an unknown god.
  2480 | D:3      | Gained mutation: You have a pair of horns on your head. [demonic ancestry]
  2480 | D:3      | Reached XP level 5. HP: 26/41 MP: 5/5
  2680 | D:4      | Found a shadowy altar of Dithmenos.
  2719 | D:4      | Noticed M4edhros's ghost (weakling OpAr)
  2726 | D:4      | Killed M4edhros's ghost
  2726 | D:4      | Reached skill level 6 in Axes
  2760 | D:4      | Gained mutation: Your movements are slightly less encumbered by armour. (ER -2) [demonic ancestry]
  2760 | D:4      | Reached XP level 6. HP: 36/47 MP: 6/6
  3177 | D:4      | Reached skill level 7 in Axes
  3247 | D:4      | Found a burning altar of Makhleb.
  3270 | D:5      | Entered Level 5 of the Dungeon
  3279 | D:5      | Reached XP level 7. HP: 51/52 MP: 7/7
  3488 | D:5      | Found an opulent altar of Gozag.
  3514 | D:5      | Reached skill level 8 in Axes
  3593 | D:5      | Found a staircase to the Ecumenical Temple.
  3639 | Temple   | Entered the Ecumenical Temple
  3993 | D:6      | Reached *** piety under Trog
  4104 | D:6      | Reached skill level 9 in Axes
  4104 | D:6      | Reached XP level 8. HP: 40/58 MP: 8/8
  4367 | D:6      | Reached skill level 10 in Axes
  4824 | D:7      | Reached skill level 1 in Armour
  4915 | D:7      | Found a snail-covered altar of Cheibriados.
  4950 | D:7      | Found an iron altar of Okawaru.
  4958 | D:7      | Reached **** piety under Trog
  5038 | D:7      | Gained mutation: When hurt, damage is shared between your health and your magic reserves. [demonic ancestry]
  5038 | D:7      | Reached XP level 9. HP: 43/64 MP: 9/9
  5297 | D:7      | Reached skill level 11 in Axes
  5433 | D:7      | Mangled by an orc warrior

Vault maps used:
D:1:      erik_arrival_cave_to_civilisation
D:2:      hangedman_ru_absence, lemuel_doored_altar,
          lemuel_coloured_pillars_altar, kiku_gazebo_pond_becter, serial_bayou,
          serial_bayou_pond_e, serial_bayou_shore_a, serial_bayou_ford_a,
          serial_bayou_shore_b, serial_bayou_pond_e, first_bread
D:3:      old_standard_altar, lightli_temple_of_fire,
          chequers_ecumenical_altar_lobes
D:4:      kennysheep_little_box, kennysheep_mini_moat
D:5:      nicolae_overflow_hidden_temple, nicolae_gozag_seed_capital,
          minmay_temple_entry_hall, item_on_display_a
D:7:      lemuel_round_altar, marbit_many_paths, serial_bayou,
          serial_bayou_pond_c, serial_bayou_pond_c, serial_bayou_shore_b,
          serial_bayou_pond_a
Temple:   nicolae_temple_figure_zero

Skill      XL: |  1  2  3  4  5  6  7  8  9 |
---------------+----------------------------+-----
Axes           | 3 4 5 6 7 9 10 11 | 11.1
Armour         | 1 2 |  2.5
Fighting       | 4 |  4.2
Dodging        | |  2.6
Stealth        | |  1.7

Action                   |  1- 3 |  4- 6 |  7- 9 || total
-------------------------+-------+-------+-------++-------
Melee: Hand axe          |   118 |   121 |   219 ||   458
       Headbutt          |       |    15 |    61 ||    76
       War axe           |       |       |    89 ||    89
Invok: Berserk           |       |     3 |     8 ||    11
Evoke: Wand              |       |       |     2 ||     2
  Use: Scroll            |       |     8 |     1 ||     9
 Stab: Sleeping          |     1 |       |       ||     1
       Distracted        |       |     1 |       ||     1
  Eat: Chunk             |     2 |     8 |    13 ||    23
       Fruit             |       |     1 |     5 ||     6
Armor: Robe              |    19 |       |       ||    19
       Chain mail        |       |    86 |    38 ||   124
       Plate armour      |       |       |   128 ||   128
Dodge: Dodged            |    86 |    51 |    94 ||   231
